 Dungeon Crawl Stone Soup version 0.30.1-11-g7821555f0a (webtiles) character file.

Game seed: 15600025875311049377

53638 babbab the Carver (level 14, -5/103 HPs)
             Began as a Demonspawn Gladiator on Jan 9, 2024.
             Was a High Priest of Hepliaklqana.
             Killed by an exploding death yak (34 damage)
             ... ignited by their inner flame
             ... on level 5 of the Lair of Beasts.
             The game lasted 00:27:42 (13891 turns).

babbab the Carver (Demonspawn Gladiator)           Turns: 13891, Time: 00:27:43

Health: -5/103     AC: 13    Str: 14    XL:     14   Next: 31%
Magic:  0/17       EV: 23    Int: 12    God:    Hepliaklqana [*****.]
Gold:   1193       SH: 13    Dex: 30    Spells: 13/13 levels left

rFire   x . .        a - +1 long sword (freeze)
rCold   . . .        h - +0 buckler
rNeg    . . .        J - +2 leather armour of Lust {Rampage +Inv rPois rF-}
rPois   +            c - +1 helmet
rElec   .            (cloak unavailable)
rCorr   .            F - +2 pair of gloves
SInv    .            K - +0 pair of boots
Will    +....        q - amulet of regeneration
Stlth   ++           j - +6 ring of dexterity
HPRegen 1.17/turn    L - +6 ring of dexterity
MPRegen 0.30/turn

%: guardian spirit, rampage
@: no status effects
A: reduced essence, large bone plates 3, ignite blood 2, magic shield, magic
regeneration, weakness stinger 3
a: Renounce Religion, Evoke Invisibility, Recall Ancestor, Ancestor Identity,
Transference, Idealise


You were on level 5 of the Lair of Beasts.
You worshipped Hepliaklqana.
Hepliaklqana was extremely pleased with you.
You visited 3 branches of the dungeon, and saw 18 of its levels.

You collected 1193 gold pieces.

Inventory:

Hand Weapons
 a - a +1 long sword of freezing (weapon)
 u - a +2 short sword of electrocution
 E - a +0 scimitar
Missiles
 d - 3 throwing nets (quivered)
 e - a javelin
 l - 4 silver javelins
 y - 3 datura-tipped darts
Armour
 b - a +3 leather armour of fire resistance
 c - a +1 helmet (worn)
 h - a +0 buckler (worn)
 x - +0 acid dragon scales
 F - a +2 pair of gloves (worn)
 J - the +2 leather armour of Lust (worn) {Rampage +Inv rPois rF-}
   (You found it on level 8 of the Dungeon)

   rF:        It makes you vulnerable to fire.
   rPois:     It protects you from poison.
   +Inv:      It lets you turn invisible.
   Rampage:   It bestows one free step when moving towards enemies.
 K - a +0 pair of boots (worn)
Jewellery
 j - a +6 ring of dexterity (left hand)
 q - an amulet of regeneration (around neck)
 s - a ring of flight
 B - a +6 ring of intelligence
 L - a +6 ring of dexterity (right hand)
 N - a ring of ice
 T - a ring of poison resistance
 U - a ring of see invisible
 V - a ring of protection from cold
 W - a ring of resist corrosion
Wands
 G - a wand of flame (19)
 I - a wand of charming (29)
 M - a wand of iceblast (2)
Scrolls
 g - 5 scrolls of poison
 n - 2 scrolls of fog
 o - a scroll of immolation
 p - a scroll of enchant weapon
 r - 5 scrolls of fear
 D - 5 scrolls of brand weapon
 O - a scroll of torment
 P - a scroll of magic mapping
 Q - 3 scrolls of teleportation
Potions
 f - 3 potions of heal wounds
 i - 2 potions of mutation
 k - 5 potions of cancellation
 t - 4 potions of brilliance
 v - 7 potions of attraction
 z - 2 potions of curing
 A - 2 potions of ambrosia
 C - 2 potions of lignification
 H - a potion of resistance
 R - a potion of flight
 S - a potion of might
Miscellaneous
 m - a box of beasts


   Skills:
 * Level 12.0 Fighting
 * Level 14.4 Long Blades
 - Level 1.7 Throwing
 * Level 10.8 Armour
 * Level 11.2 Dodging
 - Level 4.4 Invocations


You had 13 spell levels left.
You didn't know any spells.
Your spell library contained the following spells:

 Spells                   Type           Power      Damage    Failure   Level
 Freeze                   Ice            0%         1d3       50%         1
 Summon Small Mammal      Summ           0%         N/A       50%         1
 Blink                    Tloc           0%         N/A       63%         2
 Lesser Beckoning         Tloc           0%         N/A       63%         2
 Static Discharge         Conj/Air       0%         2-2/arc   63%         2
 Call Canine Familiar     Summ           0%         N/A       86%         3
 Frozen Ramparts          Ice            0%         1d1       86%         3
 Gell's Gravitas          Tloc           0%         N/A       86%         3
 Hailstorm                Conj/Ice       0%         3d3       86%         3
 Summon Guardian Golem    Hex/Summ       0%         N/A       86%         3
 Teleport Other           Tloc           0%         N/A       86%         3
 Volatile Blastmotes      Fire/Tloc      0%         2d10      86%         3
 Airstrike                Air            0%         2d(0-16)  99%         4
 Anguish                  Hex/Necr       0%         N/A       99%         4
 Cause Fear               Hex            0%         N/A       99%         4
 Fulminant Prism          Conj/Hex       0%         3d5       99%         4
 Iskenderun's Mystic Bla  Conj/Tloc      0%         2d3       99%         4
 Manifold Assault         Tloc           0%         N/A       99%         4
 Olgreb's Toxic Radiance  Pois           0%         N/A       99%         4
 Summon Ice Beast         Ice/Summ       0%         N/A       99%         4
 Summon Lightning Spire   Summ/Air       0%         N/A       99%         4
 Lee's Rapid Deconstruct  Erth           0%         3d4*      100%        5
 Summon Mana Viper        Hex/Summ       0%         N/A       100%        5
 Enfeeble                 Hex            0%         N/A       100%        7
 Monstrous Menagerie      Summ           0%         N/A       100%        7
 Orb of Destruction       Conj           0%         9d5       100%        7
 Spellforged Servitor     Conj/Summ      0%         N/A       100%        7
 Storm Form               Tmut/Air       0%         N/A       100%        7
 Borgnjor's Revivificati  Necr           0%         N/A       100%        8
 Discord                  Hex            0%         N/A       100%        8
 Ignition                 Fire           0%         3d3       100%        8
 Necromutation            Tmut/Necr      0%         N/A       100%        8
 Death's Door             Necr           0%         N/A       100%        9


Dungeon Overview and Level Annotations

Branches:
Dungeon (12/15)            Temple (1/1) D:6            Lair (5/5) D:8
 Shoals (0/4) Lair:2       Spider (0/4) Lair:3        Slime (0/5) Lair:4
    Orc: D:9-12

Altars:
Ashenzari
Cheibriados
Dithmenos
Fedhas
Gozag
Hepliaklqana
Kikubaaqudgha
Nemelex Xobeh
Ru
Uskayaw
Wu Jian
Xom
Jiyva
Lugonu

Shops:
D:8 (   D:10 :

Portals:
Abyss: Lair:5
Trove: D:10 (give +5 fire dragon scales)

Annotations:
Lair:4 Rupert


Innate Abilities, Weirdness & Mutations

Your life essence is reduced to manifest your ancestor. (-10% HP)
You are completely covered in large bone plates. (SH +8)
Your demonic aura often causes spilled blood to erupt in flames.
When hurt, damage is shared between your health and your magic reserves.
You regenerate magic rapidly.
You have a sharp stinger which inflicts weakening toxins.


Message History

The fiery explosion engulfs the death yak!!
Flame seeps out of the death yak.
The death yak is heavily wounded.
The fiery explosion engulfs the death yak!!
Flame seeps out of the death yak.
The death yak is moderately wounded.
The fiery explosion engulfs the yak!!
Flame seeps out of the yak.
The yak is severely wounded.
The fiery explosion engulfs you!!! The fire burns you terribly!
The fiery explosion engulfs the blink frog!
Flame seeps out of the blink frog.
The blink frog is heavily wounded.
The fiery explosion engulfs the yak!!
The yak explodes!
The fiery explosion engulfs the yak!!
Flame seeps out of the yak.
The yak is heavily wounded.
The fiery explosion engulfs you!!! The fire burns you terribly!
* * * LOW HITPOINT WARNING * * *
The fiery explosion engulfs the death yak!!!
Flame seeps out of the death yak.
The death yak is almost dead.
The fiery explosion engulfs the death yak!!
Flame seeps out of the death yak.
The death yak is moderately wounded.
Zola hits the death yak but does no damage.
The blink frog is engulfed in blazing flames.
Flame seeps out of the blink frog.
The yak is engulfed in blazing flames.
The yak explodes!
The fiery explosion engulfs the death yak!!
Flame seeps out of the death yak.
The death yak is almost dead.
The fiery explosion engulfs the yak!!
The fiery explosion engulfs the blink frog!!
Flame seeps out of the blink frog.
The blink frog is severely wounded.
The fiery explosion engulfs the blink frog!!
The fiery explosion engulfs the death yak!!
The death yak explodes!
The fiery explosion engulfs you!!! The fire burns you terribly!
You die...

........♣♣
.....♣♣♣♣
#§☼.!# .....♣
#......
÷..♣♣♣ ♣♣
.§#..§. ♣♣♣♣
..#♣#
##.☼☼.$.
...#.##F§FY.#
......§§§lY#
......Y°○Y#
....§.R@☼§##
...#...Y##.#
#.#....#.#
##..☼.P..#
###.....###
###.....# .
#....## .
####...### .
###.#P.....#


You could see the friendly Zola the hexer (inner flame), 2 death yaks, a komodo
dragon (inner flame), 3 yaks and 2 blink frogs.

Vanquished Creatures
  A hydra (Lair:4)
  5 two-headed ogres
  16 death yaks
  Sonja (D:11)
  A thrashing horror (Lair:5)
  A fire crab (Lair:4)
  A sea snake (shapeshifter) (Lair:5)
  A large abomination (Lair:5)
  Pikel (D:5)
  2 ugly things (Lair:5)
  An oklob plant (Lair:4)
  A cyclops (D:11)
  7 black mambas
  5 elephants
  A smoke demon (Lair:5)
  A gargoyle (D:11)
  A torpor snail (Lair:5)
  11 cane toads
  Maggie (D:8)
  10 komodo dragons
  2 ancient zymes (Lair:5)
  A meliai (Lair:3)
  2 polar bears
  2 hornets
  2 trolls
  18 blink frogs
  A snapping turtle (Lair:2)
  A vampire (D:9)
  A ynoxinul (Lair:5)
  26 yaks
  Sigmund (D:3)
  4 wyverns
  A steam dragon (D:6)
  Grum (D:9)
  4 basilisks
  A chaos spawn (Lair:5)
  Menkaure (D:6)
  10 vampire mosquitoes (D:11)
  Edmund (D:6)
  2 acid dragons (D:10)
  8 water moccasins
  Duvessa (D:6)
  A sky beast (D:7)
  4 orc warriors
  2 ice beasts
  3 black bears
  A tengu (shapeshifter) (Lair:5)
  4 centaurs
  2 wolves (D:9)
  An ogre (shapeshifter) (Lair:5)
  2 lemures (D:5)
  3 kobold brigands
  13 bullfrogs
  A gnoll sergeant (D:9)
  6 scorpions
  3 wights (D:8)
  Dowan (D:6)
  7 killer bees
  An electric eel (Lair:2)
  3 howler monkeys
  2 jellies
  3 hounds
  6 orc priests
  A gnoll bouda (D:7)
  7 iguanas
  2 sleepcaps
  4 orc wizards
  5 small abominations (Lair:5)
  8 gnolls
  5 adders
  2 white imps
  2 ufetubi
  A worm (D:2)
  5 dart slugs
  45 orcs
  6 endoplasms
  3 giant cockroaches (D:1)
  2 goblins
  7 hobgoblins
  4 jackals (D:4)
  2 quokkas
  3 ball pythons
  3 bats
  A frilled lizard (D:1)
  23 kobolds
  3 rats
373 creatures vanquished.

Vanquished Creatures (collateral kills)
  A hydra (Lair:5)
  A thrashing horror (Lair:5)
  A skyshark (Lair:3)
  An oklob plant (Lair:4)
  2 elephants
  A cane toad (Lair:4)
  5 blink frogs
  3 yaks
  2 basilisks (Lair:5)
  2 chaos spawn (Lair:5)
  2 water moccasins
  A kobold brigand (D:9)
  2 bullfrogs
  3 small abominations (Lair:5)
  A killer bee (Lair:3)
  A jelly (D:8)
  2 orcs
31 creatures vanquished.

Vanquished Creatures (others)
  A killer bee (Lair:3)
  An electric eel (Lair:2)
  5 hexers
7 creatures vanquished.

Grand Total: 411 creatures vanquished

Notes
Turn   | Place    | Note
-------+----------+-------------------------------------------
     0 | D:1      | babbab the Demonspawn Gladiator began the quest for the
                  | Orb.
     0 | D:1      | Reached XP level 1. HP: 16/16 MP: 1/1
   170 | D:1      | Reached skill level 3 in Long Blades
   248 | D:1      | Gained mutation: You regenerate magic rapidly. [demonic
                  | ancestry]
   248 | D:1      | Reached XP level 2. HP: 20/22 MP: 2/2
   456 | D:1      | Found a faded altar of an unknown god.
  1038 | D:2      | Gained mutation: Your demonic aura sometimes causes spilled
                  | blood to erupt in flames. [demonic ancestry]
  1038 | D:2      | Reached XP level 3. HP: 27/27 MP: 3/3
  1200 | D:2      | Reached skill level 4 in Long Blades
  1674 | D:3      | Noticed Sigmund
  1714 | D:4      | Reached XP level 4. HP: 27/33 MP: 4/4
  1810 | D:4      | Noticed a scorpion
  1824 | D:4      | Reached skill level 5 in Long Blades
  1831 | D:4      | Killed a scorpion
  1832 | D:4      | Reached XP level 5. HP: 19/38 MP: 5/5
  2208 | D:4      | Reached skill level 6 in Long Blades
  2277 | D:4      | Gained mutation: You are partially covered in large bone
                  | plates. (SH +4) [demonic ancestry]
  2277 | D:4      | Reached XP level 6. HP: 44/44 MP: 6/6
  2540 | D:4      | Reached skill level 7 in Long Blades
  2921 | D:5      | Entered Level 5 of the Dungeon
  3051 | D:5      | Noticed an ice beast
  3064 | D:5      | Killed an ice beast
  3065 | D:5      | Gained mutation: When hurt, damage is shared between your
                  | health and your magic reserves. [demonic ancestry]
  3065 | D:5      | Reached XP level 7. HP: 50/50 MP: 7/7
  3159 | D:5      | Noticed Pikel
  3181 | D:5      | Killed Pikel
  3182 | D:5      | Reached skill level 9 in Long Blades
  3182 | D:5      | Gained mutation: You have a small tail. [demonic ancestry]
  3182 | D:5      | Reached XP level 8. HP: 49/56 MP: 5/8
  3411 | D:5      | Found an ornate altar of the Wu Jian Council.
  4163 | D:3      | Killed Sigmund
  4164 | D:3      | Reached skill level 1 in Armour
  4336 | D:3      | Reached skill level 10 in Long Blades
  4835 | D:6      | Found an opulent altar of Gozag.
  4835 | D:6      | Found a staircase to the Ecumenical Temple.
  4848 | Temple   | Entered the Ecumenical Temple
  4926 | Temple   | Became a worshipper of Hepliaklqana the Forgotten
  5001 | D:6      | Noticed Edmund
  5019 | D:6      | Killed Edmund
  5100 | D:6      | Reached XP level 9. HP: 64/64 MP: 9/9
  5256 | D:6      | Noticed Duvessa
  5257 | D:6      | Noticed Dowan
  5262 | D:6      | Killed Duvessa
  5269 | D:6      | Killed Dowan
  5432 | D:6      | Noticed Menkaure
  5438 | D:6      | Killed Menkaure
  5942 | D:7      | Reached skill level 11 in Long Blades
  5942 | D:7      | Gained mutation: You are mostly covered in large bone
                  | plates. (SH +6) [demonic ancestry]
  5942 | D:7      | Reached XP level 10. HP: 79/79 MP: 10/10
  6298 | D:8      | Found a blossoming altar of Fedhas.
  6336 | D:8      | Reached * piety under Hepliaklqana
  6403 | D:8      | Noticed a two-headed ogre
  6407 | D:8      | Noticed Maggie
  6410 | D:8      | Killed a two-headed ogre
  6424 | D:8      | Killed Maggie
  6518 | D:8      | Gained mutation: Your demonic aura often causes spilled
                  | blood to erupt in flames. [demonic ancestry]
  6518 | D:8      | Reached XP level 11. HP: 75/75 MP: 11/11
  6631 | D:8      | Found a staircase to the Lair.
  6639 | D:8      | Identified the +2 leather armour of Lust {Rampage +Inv
                  | rPois rF-}
  6765 | D:8      | Found Yngolok's Antique Weapon Emporium.
  7111 | D:9      | Identified the +4 war axe "Eloxaif" {flame, rPois rC+
                  | Dex-4}
  7271 | D:9      | Noticed Grum
  7281 | D:9      | Killed Grum
  7309 | D:9      | Reached skill level 12 in Long Blades
  7682 | D:9      | Reached ** piety under Hepliaklqana
  7683 | D:9      | Remembered your ancestor Zola as a hexer
  7847 | D:10     | Entered Level 10 of the Dungeon
  7847 | D:10     | Noticed a two-headed ogre
  7898 | D:10     | Killed a two-headed ogre
  7899 | D:10     | Reached skill level 1 in Invocations
  7956 | D:10     | Found a sacrificial altar of Ru.
  8009 | D:10     | Noticed a two-headed ogre
  8014 | D:10     | Killed a two-headed ogre
  8030 | D:10     | Noticed a two-headed ogre
  8039 | D:10     | Killed a two-headed ogre
  8340 | D:10     | Found a portal to a secret trove of treasure.
  8444 | D:10     | Found Lulok's Book Shoppe.
  8798 | D:11     | Noticed a two-headed ogre
  8802 | D:11     | Noticed Sonja
  8804 | D:11     | Killed Sonja
  8805 | D:11     | Gained mutation: You have a tail ending in a sharp stinger.
                  | [demonic ancestry]
  8805 | D:11     | Reached XP level 12. HP: 83/84 MP: 15/15
  8815 | D:11     | Killed a two-headed ogre
  9501 | Lair:1   | Entered Level 1 of the Lair of Beasts
  9647 | Lair:1   | Reached *** piety under Hepliaklqana
 10627 | Lair:2   | Reached skill level 13 in Long Blades
 10796 | Lair:2   | Reached **** piety under Hepliaklqana
 11072 | Lair:2   | Found a staircase to the Shoals.
 11312 | Lair:3   | Found a hole to the Spider Nest.
 11401 | Lair:3   | Reached skill level 10 in Fighting
 12054 | Lair:4   | Found a staircase to the Slime Pits.
 12054 | Lair:4   | Found a viscous altar of Jiyva.
 12107 | Lair:4   | Reached ***** piety under Hepliaklqana
 12150 | Lair:4   | Gained mutation: You are completely covered in large bone
                  | plates. (SH +8) [demonic ancestry]
 12150 | Lair:4   | Reached XP level 13. HP: 92/92 MP: 16/16
 12822 | Lair:4   | Reached skill level 10 in Dodging
 12960 | Lair:4   | Noticed Rupert
 13008 | Lair:5   | Entered Level 5 of the Lair of Beasts
 13113 | Lair:5   | Reached skill level 10 in Armour
 13171 | Lair:5   | Reached skill level 14 in Long Blades
 13463 | Lair:5   | Gained mutation: You have a sharp stinger which inflicts
                  | weakening toxins. [demonic ancestry]
 13463 | Lair:5   | Reached XP level 14. HP: 100/101 MP: 17/17
 13666 | Lair:5   | Found a corrupted altar of Lugonu.
 13666 | Lair:5   | Found a one-way gate to the infinite horrors of the Abyss.
 13891 | Lair:5   | Killed by an exploding death yak... ignited by their inner
                  | flame

Illustrated notes

Levels and vault maps discovered:
D:1:      minmay_arrival_three_doors, layout_basic,
          shapermc_ecumenical_altar_hornbeckon, minmay_pentomino_t2
D:2:      layout_basic, amcnicky_mini_pool_small
D:3:      layout_basic, uniq_sigmund
D:4:      layout_basic
D:5:      layout_loops_corners, nzn_wu_jian_council_hall, uniq_pikel
D:6:      layout_loops_ring, nicolae_gozag_seed_capital,
          minmay_temple_entry_waves, uniq_duvessa, uniq_edmund, uniq_menkaure
D:7:      layout_rooms
D:8:      layout_loops_ring, fedhas_ov_isle_minmay,
          grunt_lair_entry_orc_guard_hut, serial_shops, shop,
          grunt_ministairs_8, uniq_maggie
D:9:      layout_basic, uniq_grum
D:10:     layout_basic, mainiacjoe_overflow_catwalk,
          nicolae_trove_entry_crossroad, serial_shops, kennysheep_little_box,
          st_stairs_1
D:11:     layout_basic, hive_lemuel, uniq_sonja
D:12:     minmay_slanted_spiral_squares, layout_stronghold, orc_0_dummy,
          kennysheep_generic_room_3
Temple:   dpeg_five_rooms_temple
Lair:1:   layout_chaotic_city, grunt_megastairs_4, serial_bayou_shore_b
Lair:2:   layout_gridlike, minmay_shoals_entry_hut, dreamdust_mushroom_princess,
          lemuel_fruit_tree
Lair:3:   layout_regular_city, hellmonk_spider_entry_not_the_bees
Lair:4:   layout_cave_pods, minmay_slime_entry_oklob_open, uniq_rupert
Lair:5:   hellmonk_lair_end_abyssal_woods, layout_concentric_octagons,
          chequers_serial_rivers_micro_c, grunt_megastairs_3

Skill      XL: |  1  2  3  4  5  6  7  8  9 10 11 12 13 14 |
---------------+-------------------------------------------+-----
Long Blades    | 3 4 5 6 7 9 10 11 12 13 14 | 14.4
Armour         | 2 6 7 9 10 | 10.8
Dodging        | 3 6 7 8 9 10 11 | 11.2
Fighting       | 3 7 8 10 11 12 | 12.0
Invocations    | 4 |  4.4
Throwing       | |  1.7

Action                     |  1- 3 |  4- 6 |  7- 9 | 10-12 | 13-15 || total
---------------------------+-------+-------+-------+-------+-------++-------
  Melee: Long sword        |   118 |   113 |   193 |   445 |   293 ||  1162
         Short sword       |       |       |    97 |       |    13 ||   110
         Tailslap          |       |       |    43 |   103 |    73 ||   219
  Throw: Dart              |       |       |       |     3 |       ||     3
 Invoke: Recall Ancestor   |       |       |       |     1 |     1 ||     2
         Ancestor Life: He |       |       |       |     1 |       ||     1
  Evoke: Wand              |       |       |       |     2 |     2 ||     4
         Box of beasts     |       |       |       |     1 |       ||     1
    Use: Scroll            |     4 |     1 |     9 |     9 |     3 ||    26
         Potion            |       |     2 |     4 |     4 |     1 ||    11
   Stab: Sleeping          |       |     2 |     3 |     2 |       ||     7
         Distracted        |       |       |     1 |    10 |     6 ||    17
         Confused          |       |       |       |    10 |    11 ||    21
 Armour: Leather armour    |     6 |     8 |    39 |    40 |    55 ||   148
         Scale mail        |    36 |     4 |       |       |       ||    40
         Acid dragon scale |       |       |       |     4 |       ||     4
  Dodge: Dodged            |    82 |    84 |   154 |   202 |   159 ||   681
  Block: Buckler           |    12 |    44 |    99 |   150 |   146 ||   451
